AoeStats
← 你备用金还了吗

Migration

505024854Analyzed
1v1 RM · 23d ago on Sep 7, 2026· 34m 55s· 2 players
Game mode
Random Map
Map size
132×132
Population
200
Speed
Normal
Resources
Standard
Victory
Conquest
Starting age
Dark Age
Ending age
Imperial Age
RankedLock teamsTeams togetherTeam positionsShared explorationLock speedFull tech treeHidden civsTurbo modeCheats
Victory
Defeat
627
+14
🇪🇸 Cumans · Spain
579
-14
fungoland
11:05 Feudal Age
18:44 Stone Mining
20:19 Bloodlines
20:05 Loom
22:42 Gold Mining
25:32 Castle Age
25:39 Castle Age
29:01 Castle Age
29:20 Double-Bit Axe
29:18 Horse Collar
30:18 Gold Shaft Mining
29:34 Light Cavalry
你备用金还了吗
6:52 Loom
12:15 Feudal Age
13:30 Horse Collar
13:39 Double-Bit Axe
14:04 Fishing Lines
17:37 Castle Age
16:12 Forging
16:11 Scale Barding Armor
16:10 Scale Mail Armor
18:52 Gambesons
21:43 Iron Casting
22:09 Pikeman
24:19 Chain Mail Armor
29:32 Wheelbarrow
28:44 Town Watch
32:37 Hand Cart
32:24 Town Patrol
Connection lost

Rejoining the realm…

Still unreachable

The connection could not be restored.

Session expired

The server has moved on; the page needs a fresh start.